Map: Thunderbird LE

Players

Woah - Winner!

  • Race: Terran Terran
  • Spawn Location: 11:00

Catworm

  • Race: Zerg Zerg
  • League: Platinum
  • Spawn Location: 5:00

VOD

Have the link to the VOD?

Description

Time

  • Played on: June 11, 2019, 8:05 p.m.
  • Length: 18:51
Show
View Real Time Build Order
Export as new Build Order

Woah Terran - Winner!

Build Orders: Reaper Expand 

Get SALT Encoding   

  12  0:02  SCV  
  13  0:14  SCV  
  13  0:17  Supply Depot  
  14  0:26  SCV  
  15  0:40  SCV, Barracks  
  16  0:45  Refinery  
  16  0:53  SCV  
  17  1:05  SCV  
  18  1:20  SCV  
  19  1:30  Reaper  
  19  1:32  Orbital Command  
  20  1:41  Command Center  
  20  1:51  Barracks  
  20  1:58  SCV  
  21  2:08  Supply Depot  
  21  2:10  Barracks Reactor  
  21  2:11  SCV  
  22  2:18  Barracks  
  22  2:23  SCV  
  23  2:35  SCV  
  24  2:39  Marine  
  25  2:44  Engineering Bay, Refinery  
  26  2:59  Marine x2  
  26  3:02  Barracks Tech Lab  
  27  3:08  Barracks Tech Lab  
  27  3:14  Terran Infantry Weapons Level 1  
  27  3:27  Marauder x2  
  31  3:31  Bunker  
  31  3:36  Factory  
  31  3:38  Bunker  
  31  3:39  Marine  
  31  3:40  Marine  
  33  3:49  Orbital Command  
  33  3:52  SCV  
  34  4:04  SCV  
  35  4:17  SCV  
  31  4:39  SCV x2  
  31  4:41  Factory Tech Lab  
  31  4:43  Starport, Marine x4  
  37  4:51  SCV  
  37  5:01  Marine  
  38  5:12  Marine  
  40  5:15  Marauder x2, Siege Tank  
  46  5:25  Supply Depot  
  46  5:26  Supply Depot  
  46  5:31  Stimpack  
  46  5:46  SCV x2  
  46  5:58  SCV x2  
  47  6:05  Marine  
  47  6:06  Marauder x2, Marine  
  47  6:10  SCV  
  50  6:20  Engineering Bay  
  50  6:21  Barracks  
  50  6:23  Marine  
  50  6:24  SCV x2  
  53  6:32  Refinery  
  53  6:33  Refinery  
  53  6:36  SCV x2  
  53  6:38  Starport Reactor  
  53  6:39  Siege Tank  
  58  6:40  Marauder, Marine  
  58  6:41  Marine  
  58  6:42  Terran Infantry Armor Level 1  
  62  6:49  Barracks  
  62  6:50  Bunker  
  62  7:01  Armory  
  62  7:07  Command Center  
  62  7:10  Barracks Reactor  
  62  7:25  Supply Depot  
  62  7:27  Supply Depot  
  62  7:29  SCV x2, Marine  
  65  7:32  Combat Shield  
  65  7:42  SCV x2  
  67  7:46  Barracks Reactor  
  67  7:51  Siege Tank  
  67  7:54  SCV, Marine  
  72  8:00  Marine x5  
  77  8:11  Terran Infantry Weapons Level 2  
  77  8:12  Marine  
  78  8:13  SCV x2  
  78  8:17  Marine, Supply Depot  
  81  8:21  Supply Depot  
  81  8:24  Supply Depot  
  81  8:25  SCV  
  71  8:43  Missile Turret  
  71  8:45  Missile Turret  
  71  8:46  Missile Turret  
  71  8:49  Missile Turret  
  71  8:50  Missile Turret  
  69  8:57  SCV x2  
  69  8:58  SCV  
  69  8:59  Marine  
  71  9:09  Missile Turret  
  70  9:10  Missile Turret  
  63  9:25  Marine  
  63  9:28  Marine  
  55  10:12  Thor  
  63  10:14  Marine  
  63  10:15  Marine x7  
  63  10:20  SCV  
  63  10:21  SCV  
  71  10:32  Marine  
  71  10:33  SCV  
  73  10:37  Medivac x2  
  73  10:38  Missile Turret  
  73  10:40  Missile Turret  
  77  10:47  Orbital Command  
  77  10:54  SCV x2  
  79  11:06  SCV x2  
  79  11:09  Medivac  
  83  11:11  Marine  
  83  11:13  SCV  
  86  11:18  SCV  
  86  11:24  Marine  
  87  11:26  Supply Depot  
  87  11:28  Supply Depot  
  87  11:29  SCV  
  87  11:30  SCV, Supply Depot  
  89  11:38  Marine  
  89  11:39  Marine x4  
  94  11:46  Medivac x2  
  75  12:26  Marine  
  75  12:27  Marine x7  
  77  12:44  Marine x8  
  85  13:02  Marine x8  
  92  13:09  SCV x3  
  92  13:12  Command Center, Refinery x2  
  95  13:19  Siege Tank, Marine  
  98  13:21  SCV x3  
  106  13:27  Supply Depot  
  106  13:28  Supply Depot  
  106  13:29  Terran Infantry Weapons Level 3, Supply Depot  
  106  13:30  Supply Depot  
  106  13:31  Terran Infantry Armor Level 2  
  106  13:33  SCV x3  
  75  14:12  Marine  
  75  14:13  Marine x7  
  75  14:15  Siege Tank  
  71  14:30  Marine  
  71  14:31  Marauder, Barracks x2, Marine x6  
  76  14:47  Siege Tank  
  76  14:48  Marine x7  
  76  14:52  Marine  
  87  15:06  Marine  
  88  15:07  Marine x6  
  88  15:10  Marine  
  95  15:24  Marine  
  95  15:25  Marine x6  
  95  15:28  Marine  
  99  15:42  Marine x2  
  91  15:43  Thor, Marine x2  
  91  15:44  Marine x3  
  91  15:46  Marine  
  104  16:00  Marine x2  
  93  16:53  Marine x8  
  101  17:10  Marine  
  101  17:11  Marine x7  
  106  17:28  Marine  
  106  17:29  Marine x7  
  99  17:46  Marine  
  99  17:53  Marine x5  
  99  17:54  Marine x2  
  106  18:04  Marine  
  107  18:11  Marine x3  
Show
View Real Time Build Order
Export as new Build Order

Catworm Zerg 

Build Orders: Hatch First 

Get SALT Encoding   

  12  0:01  Drone  
  13  0:13  Overlord  
  13  0:20  Drone  
  14  0:33  Drone x2  
  14  0:35  Drone  
  17  0:54  Hatchery  
  16  1:03  Extractor  
  15  1:09  Spawning Pool  
  14  1:11  Drone  
  14  1:15  Drone  
  16  1:18  Drone  
  16  1:24  Drone  
  18  1:28  Extractor  
  17  1:33  Drone  
  18  1:44  Drone  
  19  1:55  Drone  
  20  2:05  Queen  
  22  2:10  Roach Warren  
  22  2:14  Queen  
  23  2:34  Overlord  
  23  3:04  Roach x6  
  35  3:19  Overlord x2  
  35  3:48  Drone x3  
  38  3:50  Lair  
  38  3:52  Drone x3  
  41  4:12  Drone x3  
  41  4:14  Overlord x2  
  40  4:46  Drone x9  
  40  4:52  Extractor x2  
  48  5:14  Ravager  
  48  5:27  Ravager x3  
  52  5:28  Drone x2  
  52  5:29  Drone x4  
  52  5:35  Spire  
  44  6:38  Hatchery  
  43  6:46  Mutalisk x8  
  57  6:49  Overlord x3  
  57  6:50  Overlord  
  59  7:10  Extractor  
  59  7:14  Extractor  
  57  7:22  Mutalisk  
  57  7:23  Mutalisk x7  
  73  7:37  Drone x2  
  73  7:40  Drone x3  
  78  7:49  Queen x2  
  78  7:50  Queen  
  84  8:00  Infestation Pit  
  83  8:08  Drone x3  
  83  8:09  Drone x3  
  89  8:15  Drone x3  
  89  8:16  Drone x5  
  95  8:44  Baneling Nest  
  94  9:21  Overlord  
  94  9:22  Overlord x7  
  94  9:23  Overlord  
  92  9:57  Zergling x16  
  92  9:58  Zergling x2  
  99  10:25  Hatchery x2, Baneling x13  
  99  10:26  Hatchery, Baneling x5  
  99  10:28  Zergling x12  
  97  10:30  Zergling x2  
  97  10:31  Zergling x8  
  107  10:35  Centrifical Hooks  
  107  10:37  Metabolic Boost  
  107  10:56  Baneling x2  
  107  10:57  Baneling x20  
  107  11:05  Drone x2  
  107  11:06  Drone x5  
  107  11:07  Drone  
  107  11:10  Drone x3  
  118  11:52  Hydralisk Den  
  117  11:56  Evolution Chamber  
  117  11:59  Evolution Chamber  
  73  12:29  Zergling x2  
  70  12:30  Zergling x38  
  70  12:31  Zergling x48  
  113  12:41  Hatchery  
  110  12:45  Extractor x2  
  98  13:07  Baneling  
  98  13:08  Baneling x29  
  98  13:09  Baneling x28  
  98  13:10  Baneling x6  
  98  13:36  Baneling  
  98  13:37  Baneling x4  
  98  13:39  Mutalisk  
  98  13:40  Mutalisk x24  
  120  14:29  Zergling x2  
  120  14:30  Zergling x50  
  146  14:54  Extractor  
  146  14:56  Hatchery, Baneling  
  146  14:57  Baneling x22  
  146  14:58  Extractor, Baneling x9  
  109  16:51  Zergling x2  
  109  16:52  Zergling x44  
  132  17:10  Evolution Chamber  
  97  17:37  Lair x4  
  97  17:38  Lair  
  77  18:13  Drone x3  
  77  18:17  Drone x4  
  77  18:18  Drone  
Tags
 
League
Platinum
Matchup
TvZ
Replay Pack
r1
Spawn Locations
Cross Positions
Add a new tag
Caveats
  • Supply blocks, unpowered buildings, or Contaminate may cause inaccurate times.
  • Supply counts are checked every 10 seconds.